 Dungeon Crawl Stone Soup version 0.29.0-7-g18a832c13a (webtiles) character file.

Game seed: 12574106619369077008

9277 freelancePsychic the Soothsayer (level 11, -2/90 HPs)
             Began as a Demonspawn Brigand on Aug 31, 2022.
             Was a Priest of Nemelex Xobeh.
             Slain by a two-headed ogre
             ... wielding a +0 giant club
              (8 damage)
             ... on level 9 of the Dungeon.
             The game lasted 00:22:35 (14065 turns).

freelancePsychic the Soothsayer (DsBr)             Turns: 14065, Time: 00:22:36

Health: -2/90      AC: 15    Str: 12    XL:     11   Next: 20%
Magic:  19/19      EV: 13    Int: 15    God:    Nemelex Xobeh [***...]
Gold:   489        SH:  5    Dex: 16    Spells: 10/10 levels left

rFire   . . .      SeeInvis +   a - +5 dagger of Internal Strife {drain, *Noise rPois rCorr}
rCold   + . .      Faith    .   (no shield)
rNeg    . . .      Spirit   .   h - +2 ring mail {rC+}
rPois   +          Reflect  +   (helmet restricted)
rElec   .          Harm     .   E - +1 cloak
rCorr   +          Rampage  .   (no gloves)
Will    .....                   g - +1 pair of boots
Stlth   +++.......              n - amulet of reflection
HPRegen 0.25/turn               j - ring of see invisible
MPRegen 0.32/turn               (no ring)

@: studying Invocations
A: antennae 2, slimy green scales 3, magic regeneration
a: Renounce Religion, Draw Escape, Draw Destruction, Draw Summoning, Triple Draw


You were on level 9 of the Dungeon.
You worshipped Nemelex Xobeh.
Nemelex Xobeh was most pleased with you.
You visited 1 branch of the dungeon, and saw 9 of its levels.
You also visited: Ossuary.

You collected 769 gold pieces.
You spent 280 gold pieces at shops.

Inventory:

Hand Weapons
 a - the +5 dagger of Internal Strife (weapon) {drain, *Noise rPois rCorr}
   (You found it on level 9 of the Dungeon)

   A truly terrible weapon, it drains the life of any living foe it strikes.
   rPois:     It protects you from poison.
   *Noise:    It may make noises in combat.
   rCorr:     It protects you from acid and corrosion.
 b - a +1 scimitar of flaming
 I - a +3 dagger
Missiles
 l - 14 poisoned darts (quivered)
 F - 2 curare-tipped darts
Armour
 g - a +1 pair of boots (worn)
 h - a +2 ring mail of cold resistance (worn)
 E - a +1 cloak (worn)
 K - a +0 troll leather armour
Jewellery
 j - a ring of see invisible (left hand)
 n - an amulet of reflection (around neck)
 y - a ring of magical power
 C - an amulet of the acrobat
 D - a ring of flight
Wands
 d - a wand of digging (2)
 m - a wand of quicksilver (15)
 q - a wand of flame (10)
 x - a wand of paralysis (8)
Scrolls
 c - a scroll of blinking
 f - 3 scrolls of identify {@r1}
 i - a scroll of summoning
 o - a scroll of poison
 p - a scroll of torment
 r - a scroll of magic mapping
 u - a scroll of fog
 v - a scroll of enchant weapon
 H - a scroll of silence
Potions
 k - a potion of resistance {unknown}
 s - a potion of flight
 t - a potion of haste {@q3}
 w - a potion of brilliance
 z - a potion of lignification {unknown}
 A - a potion of cancellation
 B - a potion of attraction
 G - a potion of curing {@q1}
 L - 4 potions of ambrosia


   Skills:
 + Level 9.8 Fighting
 - Level 10.0(10.2) Short Blades
 - Level 3.3(7.2) Long Blades
 - Level 1.7 Throwing
 + Level 5.8 Dodging
 - Level 7.9 Stealth
 + Level 11.7 Invocations


You had 10 spell levels left.
You didn't know any spells.
Your spell library contained the following spells:

 Spells                   Type           Power      Damage    Failure   Level
 Poisonous Vapours        Pois/Air       0%         N/A       67%         2
 Sublimation of Blood     Necr           0%         N/A       67%         2
 Wereblood                Tmut           0%         N/A       67%         2
 Animate Dead             Necr           0%         N/A       99%         4
 Corpse Rot               Necr/Pois/Air  0%         N/A       99%         4
 Fulminant Prism          Conj/Hex       0%         3d6       99%         4
 Iskenderun's Mystic Bla  Conj/Tloc      0%         2d3       99%         4
 Borgnjor's Vile Clutch   Necr/Erth      0%         N/A       100%        5
 Lee's Rapid Deconstruct  Erth           0%         3d5*      100%        5
 Death Channel            Necr           0%         N/A       100%        6
 Summon Hydra             Summ           0%         N/A       100%        7


Dungeon Overview and Level Annotations

Branches:
Dungeon (9/15)             Temple (0/1) D:6            Lair (0/5) D:8
    Orc (0/2) D:9         Ossuary (visited)

Altars:
Ashenzari
Cheibriados
Kikubaaqudgha
Nemelex Xobeh
Ru
Vehumet
Wu Jian
Yredelemnul

Shops:
D:5 [

Annotations:
D:3 3 runed translucent doors, Robin; anonymouscript's ghost, amateur DjFE
D:5 2 runed translucent doors, exclusion: door


Innate Abilities, Weirdness & Mutations

You have a pair of antennae on your head.
You are completely covered in slimy green scales. (AC +4, rPois)
You regenerate magic rapidly.


Message History

You throw a poisoned dart.
The poisoned dart hits the two-headed ogre.
The two-headed ogre looks even sicker.
The two-headed ogre hits you with a +0 giant club! x2
You hit the two-headed ogre.
The two-headed ogre is lightly wounded.
You hit the two-headed ogre.
The two-headed ogre is lightly wounded.
You puncture the two-headed ogre!
The two-headed ogre is moderately wounded.
The two-headed ogre hits you with a +0 giant club!!
The two-headed ogre hits you with a +0 giant club!
You are too injured to fight recklessly!
You draw a card...
You have drawn the Cloud.
Clouds appear around you!
Things that are here:
a killer bee corpse; a killer bee corpse The two-headed ogre attacks as you move away!
You block the two-headed ogre's attack.
The two-headed ogre hits you with a +0 giant club!
* * * LOW HITPOINT WARNING * * *
The two-headed ogre looks more healthy.
You see here a killer bee corpse.
You draw a card...
You have drawn the Tomb.
Walls emerge from the floor!
The two-headed ogre hits you but does no damage.
The two-headed ogre hits you with a +0 giant club!
* * * LOW HITPOINT WARNING * * *
Okay, then.
You feel much better.
Aiming: Quicksilver Bolt
Press: ? - help, Shift-Dir - straight line, f/p - two-headed ogre
Aim: a two-headed ogre, wielding two +0 giant clubs (moderately wounded, 86% to hit)
The bolt of dispelling energy hits the two-headed ogre!
The two-headed ogre is severely wounded.
The bolt of dispelling energy hits the killer bee!
The killer bee is severely wounded.
The two-headed ogre hits you with a +0 giant club!!
* * * LOW HITPOINT WARNING * * *
The two-headed ogre hits you with a +0 giant club!
You die...
Your body disappears without a glow.

#.######.#.#####...
#.# ####.#.#......#
#.# #..........#..#
#.###.##.#.#.#.....
#........#........#
#####.######......#
######.###÷#
#......#
##.....####)##
###.#...
#......#@#.).#
#.####
....##O##...# #.#
.. ##y####..# #+#
#.#§#.#..#
#(#§#.###.#
##§#y#.# .#
.§#{#!#!#.#
###y#{#!##y. #y#
#..


You could see a two-headed ogre and a killer bee.

Vanquished Creatures
  2 two-headed ogres (D:9)
  Amaemon (D:8)
  Joseph (D:7)
  A yak (D:8)
  A wyvern (D:8)
  2 basilisks (D:8)
  Grum (D:9)
  A steam dragon (D:9)
  A warg (D:9)
  2 water moccasins
  2 sky beasts
  An orc warrior (D:8)
  3 black bears
  4 wolves (D:9)
  A centaur (D:9)
  An ogre (D:5)
  2 boggarts (D:9)
  2 phantoms (D:5)
  3 kobold brigands (D:9)
  An elf zombie (Ossuary)
  4 bullfrogs
  2 necrophages
  4 scorpions
  5 wights
  11 killer bees (D:9)
  A howler monkey (D:8)
  8 hounds
  5 jellies
  A human zombie (Ossuary)
  2 gnoll boudas
  4 orc priests
  5 orc wizards
  4 iguanas
  Ijyb (D:4)
  2 mummies (Ossuary)
  11 gnolls
  7 adders
  A shadow imp (D:8)
  An ufetubus (D:6)
  4 worms
  2 dart slugs
  32 orcs
  7 ball pythons
  6 endoplasms
  4 giant cockroaches
  9 goblins
  2 hobgoblins (D:2)
  5 jackals
  7 kobolds
  4 quokkas
  2 bats
  3 frilled lizards
  8 goblin zombies (Ossuary)
  A hobgoblin zombie (Ossuary)
  3 orc zombies (Ossuary)
  7 rats
218 creatures vanquished.

Vanquished Creatures (collateral kills)
  Maurice (D:8)
  An orange demon (D:8)
  A hornet (D:7)
  A sky beast (D:7)
  A necrophage (D:7)
  A bullfrog (D:7)
  7 wights (D:8)
  2 killer bees (D:9)
  2 white imps (D:8)
  2 orcs (D:8)
19 creatures vanquished.

Vanquished Creatures (others)
  A culicivora (D:8)
  A human (D:5)
  A killer bee (D:9)
  4 plants (D:5)
7 creatures vanquished.

Grand Total: 244 creatures vanquished

Notes
Turn   | Place    | Note
-------+----------+-------------------------------------------
     0 | D:1      | freelancePsychic the Demonspawn Brigand began the quest for
                  | the Orb.
     0 | D:1      | Reached XP level 1. HP: 16/16 MP: 1/1
   508 | D:1      | Gained mutation: You have a pair of small antennae on your
                  | head. [demonic ancestry]
   508 | D:1      | Reached XP level 2. HP: 1/22 MP: 2/2
  1104 | D:1      | Found a faded altar of an unknown god.
  1529 | D:2      | Reached XP level 3. HP: 28/28 MP: 3/3
  2088 | D:2      | Reached XP level 4. HP: 29/34 MP: 4/4
  3462 | D:2      | Gained mutation: You are partially covered in slimy green
                  | scales. (AC +2) [demonic ancestry]
  3462 | D:2      | Reached XP level 5. HP: 8/41 MP: 5/5
  3733 | D:3      | Found a runed translucent gate.
  3733 | D:3      | Found a runed translucent gate.
  3733 | D:3      | Found a runed translucent gate.
  3734 | D:3      | Noticed anonymouscript's ghost (amateur DjFE)
  4021 | D:3      | Noticed Robin
  4300 | D:4      | Noticed Ijyb
  4314 | D:4      | Gained mutation: You have a pair of antennae on your head.
                  | [demonic ancestry]
  4314 | D:4      | Reached XP level 6. HP: 38/47 MP: 6/6
  4314 | D:4      | Killed Ijyb
  4410 | D:4      | Gained mutation: You are mostly covered in slimy green
                  | scales. (AC +3) [demonic ancestry]
  4410 | D:4      | Reached XP level 7. HP: 28/60 MP: 7/7
  4755 | D:4      | Found a sparkling altar of Nemelex Xobeh.
  4758 | D:4      | Became a worshipper of Nemelex Xobeh the Trickster
  5369 | D:4      | Reached skill level 1 in Invocations
  5480 | D:5      | Entered Level 5 of the Dungeon
  5484 | D:5      | Found Mivuner's Armour Shoppe.
  5797 | D:5      | Identified a scroll of acquirement
  5797 | D:5      | Acquired a manual of Invocations
  5863 | D:5      | Reached skill level 1 in Dodging
  5871 | D:5      | Bought a +0 pair of boots for 49 gold pieces
  5998 | D:5      | Found a sand-covered staircase.
  6065 | Ossuary  | Entered an ossuary
  6118 | Ossuary  | Reached skill level 2 in Invocations
  6118 | Ossuary  | Gained mutation: You regenerate magic rapidly. [demonic
                  | ancestry]
  6118 | Ossuary  | Reached XP level 8. HP: 53/67 MP: 9/9
  6729 | D:5      | Reached * piety under Nemelex Xobeh
  6729 | D:5      | Found an ancient bone altar of Kikubaaqudgha.
  6787 | D:5      | Reached skill level 3 in Invocations
  6932 | D:5      | Found a large runed translucent door.
  6993 | D:5      | Found a large runed translucent door.
  7059 | D:5      | Received a gift from Nemelex Xobeh
  7406 | D:6      | Found a staircase to the Ecumenical Temple.
  7630 | D:5      | Bought a +2 ring mail of cold resistance for 231 gold
                  | pieces
  7916 | D:6      | Reached skill level 4 in Invocations
  8211 | D:6      | Found an ornate altar of the Wu Jian Council.
  8735 | D:6      | Reached XP level 9. HP: 66/73 MP: 12/12
  9063 | D:7      | Noticed Joseph
  9070 | D:7      | Killed Joseph
  9071 | D:7      | Reached skill level 5 in Invocations
  9113 | D:7      | Reached ** piety under Nemelex Xobeh
  9122 | D:7      | Reached skill level 10 in Short Blades
  9127 | D:7      | Paralysed by a hornet for 3 turns
  9131 | D:7      | Reached skill level 6 in Invocations
  9231 | D:7      | Received a gift from Nemelex Xobeh
  9535 | D:7      | Reached skill level 7 in Invocations
  9630 | D:7      | Found a sacrificial altar of Ru.
 10517 | D:8      | Received a gift from Nemelex Xobeh
 10538 | D:8      | Reached skill level 8 in Invocations
 10640 | D:8      | Found a basalt altar of Yredelemnul.
 10664 | D:8      | Noticed Erica
 10669 | D:8      | Noticed Erica
 10669 | D:8      | Erica changed into Erica the culicivora
 10676 | D:8      | Killed Erica the culicivora
 10677 | D:8      | Gained mutation: You are completely covered in slimy green
                  | scales. (AC +4, rPois) [demonic ancestry]
 10677 | D:8      | Reached XP level 10. HP: 78/82 MP: 16/16
 10966 | D:8      | Noticed Amaemon
 11056 | D:8      | Reached *** piety under Nemelex Xobeh
 11072 | D:8      | Found a staircase to the Lair.
 11141 | D:8      | Reached skill level 1 in Long Blades
 11415 | D:8      | Noticed Maurice
 11421 | D:8      | Received a gift from Nemelex Xobeh
 11468 | D:8      | Killed Maurice
 11469 | D:8      | Reached skill level 9 in Invocations
 12253 | D:8      | Killed an orange demon
 12276 | D:8      | Killed Amaemon
 12338 | D:8      | Identified the +4 short sword "Reza" {freeze, Int+3}
 12576 | D:9      | Noticed a two-headed ogre
 12576 | D:9      | Received a gift from Nemelex Xobeh
 12587 | D:9      | Killed a two-headed ogre
 12712 | D:9      | Identified the +5 dagger of Internal Strife {drain, *Noise
                  | rPois rCorr}
 12779 | D:9      | Noticed a two-headed ogre
 12783 | D:9      | Killed a two-headed ogre
 12784 | D:9      | Reached skill level 5 in Dodging
 12784 | D:9      | Reached skill level 10 in Invocations
 13097 | D:9      | Found a radiant altar of Vehumet.
 13101 | D:9      | Found a snail-covered altar of Cheibriados.
 13176 | D:9      | Found a broken altar of Ashenzari.
 13255 | D:9      | Found a staircase to the Orcish Mines.
 13285 | D:9      | Reached XP level 11. HP: 63/89 MP: 17/19
 13308 | D:9      | Reached skill level 11 in Invocations
 13529 | D:9      | Received a gift from Nemelex Xobeh
 13620 | D:9      | Noticed Grum
 13651 | D:9      | Killed Grum
 14044 | D:9      | Noticed a two-headed ogre
 14065 | D:9      | Slain by a two-headed ogre

Illustrated notes

Levels and vault maps discovered:
D:1:      mushboom_english_gardens, layout_loops_corners,
          shapermc_ecumenical_altar_totnotflames, minivault_4, nicolae_wormholes
D:2:      layout_rooms, minmay_fractal_squares_gapless_5
D:3:      layout_basic, lemuel_coloured_pillars_altar,
          mainiacjoe_overflow_alcove_1, ebering_ghost_rock_garden, uniq_robin
D:4:      layout_cave_pods, kennysheep_mini_moat, corexii_hall_statues_l,
          uniq_ijyb
D:5:      cheibrodos_two_vegetables, layout_loops_ring, tgw_kikubaaqudgha,
          jmf_multi_god_temple2, serial_shops, nicolae_shop_statue_plus,
          nicolae_ossuary_entry_false_entrances
D:6:      layout_basic, nzn_wu_jian_council_hall, minmay_temple_entry_arrows,
          minmay_between
D:7:      layout_basic, mainiacjoe_overflow_small_starburst,
          hangedman_decor_opposing, corner_web_ring,
          minmay_fractal_squares_diagonal_5, uniq_joseph
D:8:      layout_layer_cave, mainiacjoe_overflow_boulevard, david_lair_generic,
          uniq_amaemon, uniq_erica, uniq_maurice
D:9:      layout_loops_corners, grunt_temple_overflow_diamond,
          nicolae_ashenzari_skybound, kennysheep_orc_monster_closet_entryway,
          minivault_7, uniq_grum

Skill      XL: |  1  2  3  4  5  6  7  8  9 10 11 |
---------------+----------------------------------+-----
Short Blades   | 2 3 4 9 10 | 10.0
Stealth        | 4 7 |  7.9
Fighting       | 3 7 8 9 |  9.8
Invocations    | 2 4 8 10 11 | 11.7
Dodging        | 1 2 4 5 |  5.8
Long Blades    | 3 |  3.3
Throwing       | |  1.7

Action                   |  1- 3 |  4- 6 |  7- 9 | 10-12 || total
-------------------------+-------+-------+-------+-------++-------
Melee: Dagger            |   112 |   123 |   730 |   176 ||  1141
       Punch             |       |     1 |     8 |     5 ||    14
       Scimitar          |       |       |       |    55 ||    55
Throw: Dart              |    20 |    27 |       |    14 ||    61
Invok: Draw Destruction  |       |       |     5 |    13 ||    18
       Draw Summoning    |       |       |     2 |     1 ||     3
       Draw Escape       |       |       |     1 |     2 ||     3
Evoke: Wand              |       |       |     2 |     3 ||     5
  Use: Scroll            |     3 |       |    15 |       ||    18
       Potion            |     1 |     5 |     6 |     1 ||    13
 Stab: Sleeping          |     8 |       |    14 |     2 ||    24
       Distracted        |       |       |     3 |       ||     3
Armor: Robe              |    19 |    29 |    78 |       ||   126
       Ring mail         |       |       |    88 |    82 ||   170
Dodge: Dodged            |    46 |    85 |   212 |   114 ||   457
Block: Other             |       |       |    74 |    39 ||   113
